Map: Newkirk Precinct TE (Void)

Players

souL

  • Race: Terran Terran
  • Spawn Location: 7:00

Dayshi - Winner!

  • Race: Terran Terran
  • Spawn Location: 5:00

Event: IEM XI Katowice - World Championship 2017

VOD

Have the link to the VOD?

Description

Time

  • Played on: Feb. 27, 2017, 11:11 a.m.
  • Length: 8:42

All games in this series

Show
View Real Time Build Order
Export as new Build Order

souL Terran 

Build Orders: Reaper Expand 

Get SALT Encoding   

  12  0:00  SCV  
  13  0:13  SCV  
  14  0:17  Supply Depot  
  14  0:25  SCV  
  15  0:29  Refinery  
  15  0:39  SCV  
  16  0:45  Barracks  
  16  0:51  SCV  
  17  1:03  SCV  
  18  1:15  SCV  
  19  1:32  Reaper, Orbital Command  
  20  1:48  Command Center  
  20  1:59  Factory  
  20  2:03  SCV  
  20  2:07  Barracks Reactor  
  21  2:15  Supply Depot  
  21  2:17  SCV  
  21  2:21  Refinery  
  22  2:29  SCV  
  23  2:41  SCV  
  24  2:44  Starport  
  24  2:45  Marine x2  
  26  2:53  Factory Tech Lab, SCV  
  27  3:00  Orbital Command  
  27  3:04  Marine  
  27  3:05  SCV  
  29  3:06  Marine  
  30  3:17  SCV  
  31  3:21  Cyclone  
  31  3:23  Marine  
  31  3:24  Marine  
  37  3:29  Viking  
  38  3:34  SCV x2  
  40  3:44  Marine  
  40  3:46  Supply Depot  
  40  3:47  SCV x2  
  43  3:50  Marine  
  44  3:56  Factory Tech Lab  
  44  3:59  SCV x2  
  46  4:07  Marine  
  46  4:08  Marine  
  48  4:11  Supply Depot, SCV x2  
  49  4:22  Raven  
  49  4:23  SCV  
  49  4:24  SCV  
  53  4:25  Marine  
  53  4:28  Supply Depot  
  54  4:32  Marine  
  54  4:35  SCV  
  54  4:36  SCV  
  54  4:44  Siege Tank  
  53  4:46  Marine  
  53  4:48  SCV x2  
  53  4:51  Marine  
  51  5:00  SCV x2  
  51  5:04  Marine  
  51  5:12  SCV x2  
  52  5:16  Barracks  
  52  5:17  Barracks  
  53  5:24  SCV x2  
  53  5:27  Refinery x2  
  54  5:30  Engineering Bay  
  54  5:32  Viking  
  54  5:35  Viking  
  58  5:36  SCV  
  58  5:38  SCV  
  58  5:41  Marine  
  59  5:47  Supply Depot  
  59  5:48  SCV  
  60  5:50  Stimpack, SCV  
  61  5:57  Terran Infantry Weapons Level 1  
  61  5:59  Marine  
  61  6:00  SCV  
  61  6:03  SCV  
  64  6:06  Barracks Reactor x2  
  64  6:11  Supply Depot  
  64  6:12  SCV  
  64  6:15  SCV  
  64  6:17  Marine  
  64  6:18  Siege Tank  
  70  6:24  Supply Depot, SCV  
  71  6:27  SCV  
  72  6:34  Marine  
  72  6:36  Barracks  
  72  6:38  Medivac, Barracks  
  75  6:41  Medivac  
  75  6:42  Marine  
  78  6:50  Siege Tank, SCV  
  78  6:52  Marine  
  83  6:55  Supply Depot  
  83  6:57  Marine  
  83  6:58  Supply Depot  
  84  7:03  Marine x2  
  86  7:10  Marine  
  86  7:12  Marine  
  86  7:15  Marine  
  86  7:19  SCV  
  86  7:21  Marine, SCV  
  86  7:22  Marine  
  90  7:28  Marauder  
  94  7:30  Marine  
  94  7:31  Barracks Reactor x2  
  94  7:35  Medivac  
  95  7:40  Supply Depot  
  95  7:41  Supply Depot  
  95  7:44  Marine x3  
  95  7:48  Marine  
  95  7:50  Marauder  
  91  7:59  Medivac  
  91  8:01  Marine  
  91  8:02  Marine x2  
  91  8:03  Siege Tank  
  99  8:06  Marine, Medivac  
  99  8:09  Supply Depot  
  99  8:10  Supply Depot  
  99  8:11  Marine x3  
  103  8:20  Marine  
  103  8:23  Marine  
Show
View Real Time Build Order
Export as new Build Order

Dayshi Terran - Winner!

Build Orders: Cyclone Opening, Reaper Expand 

Get SALT Encoding   

  12  0:00  SCV  
  13  0:12  SCV  
  14  0:18  Supply Depot  
  14  0:24  SCV  
  15  0:29  Refinery  
  15  0:40  SCV  
  16  0:45  Barracks  
  16  0:52  SCV  
  17  1:04  SCV  
  18  1:16  SCV  
  19  1:32  Reaper, Orbital Command  
  20  1:44  Command Center  
  20  1:54  Factory  
  20  1:58  SCV  
  21  2:07  Barracks Reactor  
  21  2:10  SCV  
  21  2:11  Supply Depot  
  22  2:16  Refinery  
  22  2:22  SCV  
  23  2:34  SCV  
  24  2:42  Cyclone  
  24  2:43  Marine x2  
  29  2:46  SCV  
  30  2:56  Orbital Command  
  30  2:58  SCV  
  30  3:00  Starport  
  30  3:02  Marine  
  30  3:03  Marine  
  33  3:11  SCV  
  34  3:14  Supply Depot  
  37  3:20  Cyclone  
  37  3:22  SCV  
  37  3:25  Marine  
  37  3:26  Marine  
  40  3:29  SCV  
  41  3:34  SCV  
  41  3:37  Medivac  
  44  3:43  Marine, SCV  
  44  3:44  Marine  
  44  3:47  SCV  
  48  3:49  Supply Depot  
  48  3:54  Factory Tech Lab  
  47  3:59  SCV x2  
  47  4:01  Marine  
  47  4:02  Marine  
  51  4:04  Supply Depot  
  51  4:11  SCV x2  
  51  4:13  Siege Tank  
  56  4:19  Viking  
  56  4:23  SCV  
  56  4:24  SCV  
  60  4:35  SCV  
  61  4:41  Marine x2  
  61  4:42  SCV  
  61  4:45  Siege Tank  
  67  4:46  Refinery, Barracks  
  67  4:48  SCV, Barracks  
  64  4:53  Refinery  
  64  4:54  Supply Depot, SCV  
  64  4:58  Starport Reactor  
  65  5:00  Marine x2  
  62  5:07  SCV x2  
  62  5:10  Supply Depot  
  62  5:14  Engineering Bay  
  60  5:19  Siege Tank, SCV  
  64  5:23  Marine x2  
  64  5:28  Supply Depot  
  66  5:31  SCV x2  
  66  5:33  Barracks Tech Lab  
  68  5:36  Viking  
  68  5:43  SCV x2  
  68  5:48  Marine x2  
  68  5:49  Barracks Reactor  
  72  5:51  Terran Infantry Weapons Level 1, Marine  
  72  5:52  Stimpack  
  72  5:55  SCV  
  72  5:56  SCV  
  75  6:01  Siege Tank  
  78  6:06  Marine  
  78  6:08  Marine  
  78  6:09  Marine  
  78  6:11  Medivac  
  83  6:17  Supply Depot  
  83  6:18  Medivac  
  83  6:25  Command Center  
  85  6:26  Marine x2  
  85  6:32  Marine x2  
  89  6:34  Siege Tank  
  92  6:40  SCV x2  
  92  6:44  Supply Depot, Marine x2  
  92  6:45  Marine  
  94  6:50  Marine  
  94  6:54  Marine, Medivac  
  96  6:56  Medivac  
  96  7:01  SCV x2  
  102  7:05  Marine  
  102  7:08  Marine x2  
  105  7:12  Supply Depot, Siege Tank  
  105  7:13  Supply Depot  
  108  7:21  SCV x2  
  104  7:24  Marine x3  
  104  7:25  Marine  
  106  7:33  SCV x2  
  108  7:37  Medivac x2  
  108  7:39  Barracks  
  108  7:40  Barracks  
  108  7:44  Marine  
  108  7:45  Marine  
  108  7:46  Orbital Command  
  110  7:52  Marine  
  110  7:53  Marine x2  
  112  8:02  Marine x2  
  112  8:03  Siege Tank  
  117  8:07  Medivac  
  117  8:08  SCV x2  
  117  8:10  Marine x2  
  117  8:11  Marine  
  117  8:12  SCV  
  127  8:20  Marine x2, SCV  
  120  8:40  Barracks Reactor x2  

Tags
 
Add a new tag
Caveats
  • Supply blocks, unpowered buildings, or Contaminate may cause inaccurate times.
  • Supply counts are checked every 10 seconds.